 Dungeon Crawl Stone Soup version 0.31-a0-232-gb1c03b2570 (webtiles) character file.

Game seed: 3126847089667564413

73 qw the Shooter (level 4, 0/36 HPs)
             Began as a Minotaur Hexslinger on July 7, 2023.
             Slain by an iguana (7 damage)
             ... on level 5 of the Dungeon.
             The game lasted 00:00:40 (1578 turns).

qw the Shooter (Minotaur Hexslinger)                Turns: 1578, Time: 00:00:41

Health: 0/36       AC:  5    Str: 13    XL:     4   Next: 8%
Magic:  4/4        EV: 11    Int: 10    God:
Gold:   159        SH:  0    Dex: 14    Spells: 4/5 levels left

rFire   . . .        Y - +1 sling
rCold   . . .        (no shield)
rNeg    . . .        a - +0 ring mail
rPois   .            (helmet restricted)
rElec   .            (no cloak)
rCorr   .            (no gloves)
SInv    .            (no boots)
Will    .....        (no amulet)
Stlth   +            (no ring)
HPRegen 0.26/turn    (no ring)
MPRegen 0.09/turn

%: no passive effects
@: no status effects
A: horns 2, retaliatory headbutt
a: no special abilities


You were on level 5 of the Dungeon.
You visited 1 branch of the dungeon, and saw 4 of its levels.

You collected 159 gold pieces.


Innate Abilities, Weirdness & Mutations

You have a pair of horns on your head.
You reflexively headbutt those who attack you in melee.


   Skills:
 - Level 2.0 Fighting
 + Level 4.4 Ranged Weapons
 - Level 1.0 Armour
 - Level 2.1 Dodging
 - Level 1.0 Spellcasting
 - Level 2.0 Hexes


You had 4 spell levels left.
You knew the following spells:

 Your Spells              Type           Power      Damage    Failure   Level
a - Slow                  Hex            16%        N/A       32%         1

Your spell library contained the following spells:

 Spells                   Type           Power      Damage    Failure   Level
 Inner Flame              Hex/Fire       2%         N/A       82%         3
 Portal Projectile        Hex/Tloc       4%         N/A       82%         3
 Cause Fear               Hex            2%         N/A       97%         4

Inventory:

Hand Weapons
 Y - a +1 sling (weapon)
Armour
 a - a +0 ring mail (worn)
Scrolls
 d - a scroll of fear {unknown}
 f - 2 scrolls of fog {unknown}
 g - a scroll of blinking {unknown}
 i - a scroll of immolation {unknown}
Potions
 b - a potion of might {unknown}
 c - a potion of enlightenment {unknown}
 e - a potion of haste {unknown}
 h - a potion of magic {unknown}

Dungeon Overview and Level Annotations

Branches:
Dungeon (5/15)
 Temple: D:4-7

Altars:
Ashenzari
Hepliaklqana
Qazlal
Sif Muna
Trog
Vehumet
Xom
Zin


Message History

You hear the hiss of flowing sand.
There is an entrance to an ossuary on this level.
Hurry and find it before the portal is buried!
Found a club.
Waypoint 3 assigned to D:5.
1537 ||| PLANNING OSSUARY
Found a stone staircase leading down.
There is a stone staircase leading down here.
Found a broken altar of Ashenzari and a shimmering blue altar of Sif Muna.
Found a scale mail.
Found a bloodstained altar of Trog.
Found three altars.
Found a hazy altar of Hepliaklqana.
i - a scroll labelled OPICVISUOH You now have 159 gold pieces (gained 12).
A black bear and an iguana come into view.
The black bear growls angrily.
The iguana hisses angrily.
You shoot a sling bullet. The sling bullet hits the black bear.
The black bear is lightly wounded.
You shoot a sling bullet.
The sling bullet barely misses the black bear.
You shoot a sling bullet. The sling bullet hits the black bear.
The black bear is lightly wounded.
You shoot a sling bullet.
The sling bullet hits the black bear but does no damage.
The black bear is lightly wounded.
An iguana comes into view.
The iguana barely misses you. The black bear misses you.
You furiously retaliate!
You headbutt the black bear. The black bear claws you. x2
You shoot a sling bullet. The sling bullet hits the black bear.
The black bear is heavily wounded.
The iguana bites you. The black bear bites you. The black bear claws you.
The black bear misses you.
You shoot a sling bullet. The sling bullet hits the black bear.
The black bear is heavily wounded.
The iguana bites you! The black bear bites you. The black bear claws you.
The black bear barely misses you.
You shoot a sling bullet.
The sling bullet hits the black bear but does no damage.
The black bear is heavily wounded.
The iguana bites you!
You die...

#.# #.# .... #. #.# ...
.#.### #.# ..# ......
#.# ..# .#....##
#.#####..#
..._...####.....#..#
._..............l..#
................@hl#
_..8.._..######..#......
........#######..# .....
._..._...........# ....
..._....######...# ...
.#...##......[.... ..
#.## #..####.#.##. # ...
#..# #.#.# # . #..#
#.#.# #


You could see a black bear and 2 iguanas.

Vanquished Creatures
  2 adders (D:2)
  2 worms (D:2)
  4 ball pythons
  6 endoplasms
  2 giant cockroaches
  4 goblins
  A hobgoblin (D:1)
  4 jackals (D:2)
  4 quokkas
  A bat (D:2)
  2 frilled lizards
  8 kobolds
  5 rats
45 creatures vanquished.

Notes
Turn   | Place    | Note
-------+----------+-------------------------------------------
     0 | D:1      | qw the Minotaur Hexslinger began the quest for the Orb.
     0 | D:1      | Reached XP level 1. HP: 16/16 MP: 1/1
     0 | D:1      | 0 ||| qw: Version: 0.3-a-46-gb1f654a
     0 | D:1      | 0 ||| qw: Game counter: 2589
     0 | D:1      | 0 ||| qw: Melee chars always use a shield: true
     0 | D:1      | 0 ||| qw: God list: Okawaru
     0 | D:1      | 0 ||| qw: Allow faded altars: false
     0 | D:1      | 0 ||| qw: Do Orc after clearing Dungeon:15 true
     0 | D:1      | 0 ||| qw: Do second Lair branch before Depths: true
     0 | D:1      | 0 ||| qw: Lair rune preference: random
     0 | D:1      | 0 ||| qw: Goals: Normal
     0 | D:1      | 0 ||| PLANNING D:1-11
   198 | D:1      | HP: 3/16 [quokka (4)]
   199 | D:1      | HP: 1/16 [quokka (2)]
   272 | D:1      | Reached skill level 3 in Ranged Weapons
   280 | D:1      | Reached XP level 2. HP: 23/23 MP: 2/2
   702 | D:1      | 702 ||| UPGRADING to +0 leather armour.
   712 | D:1      | 712 ||| DROPPING +0 robe.
   713 | D:1      | 713 ||| READING scroll labelled HATUDA MIRADU.
   714 | D:1      | 714 ||| DROPPING scroll of poison.
   858 | D:2      | Reached XP level 3. HP: 21/29 MP: 3/3
  1002 | D:2      | 1002 ||| FLEEEEING.
  1003 | D:2      | 1003 ||| FLEEEEING.
  1004 | D:2      | 1004 ||| FLEEEEING.
  1005 | D:2      | 1005 ||| FLEEEEING.
  1006 | D:2      | 1006 ||| FLEEEEING.
  1007 | D:2      | 1007 ||| FLEEEEING.
  1008 | D:2      | 1008 ||| FLEEEEING.
  1009 | D:2      | 1009 ||| STAIRDANCE
  1047 | D:1      | 1047 ||| UPGRADING to +0 ring mail.
  1057 | D:1      | 1057 ||| DROPPING +0 leather armour.
  1058 | D:1      | 1058 ||| READING scroll labelled APHAUFF TIXTA.
  1091 | D:2      | Reached skill level 4 in Ranged Weapons
  1182 | D:2      | Reached skill level 1 in Armour
  1283 | D:2      | 1283 ||| READING scroll labelled JEYTYO NONU.
  1284 | D:2      | 1284 ||| READING scroll labelled FUBUEWK YCICIU.
  1285 | D:2      | 1285 ||| READING scroll labelled BUFAL ODWESUFF.
  1350 | D:3      | Reached XP level 4. HP: 36/36 MP: 4/4
  1423 | D:3      | Found a glowing silver altar of Zin.
  1536 | D:3      | You fall into a shaft and drop 2 floors!
  1536 | D:5      | Entered Level 5 of the Dungeon
  1537 | D:5      | 1537 ||| PLANNING OSSUARY
  1550 | D:5      | Found a broken altar of Ashenzari.
  1550 | D:5      | Found a shimmering blue altar of Sif Muna.
  1552 | D:5      | Found a bloodstained altar of Trog.
  1553 | D:5      | Found a radiant altar of Vehumet.
  1553 | D:5      | Found a shimmering altar of Xom.
  1553 | D:5      | Found a stormy altar of Qazlal.
  1554 | D:5      | Found a hazy altar of Hepliaklqana.
  1571 | D:5      | Noticed a black bear
  1577 | D:5      | HP: 8/36 [black bear (3)]
  1578 | D:5      | Slain by an iguana

Levels and vault maps discovered:
D:1:      psy_arrival_terrarium, layout_loops_ring, nicolae_eternal_life
D:2:      layout_rooms
D:3:      layout_rooms, nicolae_tso_swordbearing_angel,
          mainiacjoe_overflow_chevrons, uniq_natasha
D:5:      layout_loops_ring, grunt_temple_overflow_open,
          nicolae_ossuary_entry_ruins

Skill      XL: |  1  2  3 |
---------------+----------+-----
Ranged Weapons | 3 4 |  4.4
Fighting       | 2 |  2.0
Armour         | 1 |  1.0
Dodging        | |  2.1
Spellcasting   | |  1.0
Hexes          | |  2.0

Action                     |  1- 3 |  4- 6 || total
---------------------------+-------+-------++-------
   Fire: Sling             |   118 |    27 ||   145
    Use: Scroll            |     5 |       ||     5
 Armour: Ring mail         |     1 |     3 ||     4
         Leather armour    |     1 |       ||     1
  Dodge: Dodged            |    27 |     4 ||    31

Table legend:
 A = Non-vault XP
 B = Vault XP
 C = Vault XP percentage of total XP
 D = Non-vault monster count
 E = Vault monster count
 F = Vault count percentage of total count
                 A         B        C        D         E       F
            +---------+---------+-------+---------+---------+-------
      Total |     105 |       0 |   0.0 |      45 |       0 |   0.0
            +---------+---------+-------+---------+---------+-------
        D:1 |      28 |       0 |   0.0 |      16 |       0 |   0.0
        D:2 |      62 |       0 |   0.0 |      20 |       0 |   0.0
        D:3 |      15 |       0 |   0.0 |       9 |       0 |   0.0
            +---------+---------+-------+---------+---------+-------
